 Dungeon Crawl Stone Soup version 0.29.1-15-g9cfb28693d (webtiles) character file.

Game seed: 467364653470582752

11519 TittyCrusher the Impaler (level 11, -1/86 HPs)
             Began as a Merfolk Gladiator on Mar 7, 2023.
             Was an Elder of Okawaru.
             Collided with a bush (15 damage)
             ... caused by a swamp worm
             ... on level 2 of the Lair of Beasts.
             The game lasted 00:38:05 (16694 turns).

TittyCrusher the Impaler (Merfolk Gladiator)       Turns: 16694, Time: 00:38:05

Health: -1/86      AC: 10    Str: 15    XL:     11   Next: 79%
Magic:  23/23      EV: 21    Int:  8    God:    Okawaru [****..]
Gold:   949        SH:  4    Dex: 17    Spells: 10/10 levels left

rFire   . . .      SeeInvis .   a - +3 trident
rCold   . . .      Faith    .   (no shield)
rNeg    . . .      Spirit   .   l - +0 ring mail
rPois   .          Reflect  .   c - +1 helmet
rElec   .          Harm     .   u - +0 cloak
rCorr   .          Rampage  .   I - +0 pair of gloves
Will    .....                   (no boots)
Stlth   ++........              (no amulet)
HPRegen 0.24/turn               s - ring of magical power
MPRegen 0.18/turn               (no ring)

@: about to teleport, heroic
A: (nimble swimmer 2), mertail, large bone plates 1, weak 1
a: Renounce Religion, Heroism, Finesse


You were on level 2 of the Lair of Beasts.
You worshipped Okawaru.
Okawaru was greatly pleased with you.
You visited 3 branches of the dungeon, and saw 13 of its levels.
You also visited: Ossuary.

You collected 949 gold pieces.

Inventory:

Hand Weapons
 a - a +3 trident (weapon)
 b - the +7 flail of Pain and Death {vorpal, rElec rC+ SInv}
   (You found it on level 2 of the Dungeon)

   It inflicts extra damage upon your enemies.
   rC:        It protects you from cold.
   rElec:     It insulates you from electricity.
   SInv:      It lets you see invisible.
 n - a +0 spear
Missiles
 d - a throwing net
 j - 14 poisoned darts (quivered)
 x - 3 silver javelins
Armour
 c - a +1 helmet (worn)
 i - the +1 robe of Spring Thaw {rC+ Will++ Str-5}
   (You found it on level 7 of the Dungeon)

   Str:       It affects your strength (-5).
   rC:        It protects you from cold.
   Will:      It greatly increases your willpower.
 l - a +0 ring mail (worn)
 u - a +0 cloak (worn)
 I - a +0 pair of gloves (worn)
Jewellery
 s - a ring of magical power (left hand)
Wands
 g - a wand of flame (8)
 r - a wand of roots (1)
Scrolls
 f - 6 scrolls of teleportation
 k - 2 scrolls of vulnerability
 p - 2 scrolls of noise
 t - a scroll of silence
 y - 2 scrolls of magic mapping
 A - a scroll of fog
Potions
 e - a potion of mutation
 h - a potion of attraction
 m - a potion of ambrosia
 q - a potion of curing
 v - 2 potions of flight
 w - a potion of heal wounds
 z - a potion of cancellation
 C - a potion of brilliance


   Skills:
 + Level 8.2(13.2) Fighting
 - Level 15.7(20.7) Polearms
 - Level 2.0(7.0) Throwing
 - Level 14.6(19.6) Dodging
 - Level 5.2 Invocations


You had 10 spell levels left.
You didn't know any spells.
Your spell library contained the following spells:

 Spells                   Type           Power      Damage    Failure   Level
 Necrotise                Necr           0%         1d4       63%         1
 Poisonous Vapours        Pois/Air       0%         N/A       77%         2
 Dazzling Flash           Conj/Hex       0%         N/A       94%         3
 Corpse Rot               Necr/Pois/Air  0%         N/A       100%        4
 Agony                    Necr           0%         N/A       100%        5
 Silence                  Hex/Air        0%         N/A       100%        5


Dungeon Overview and Level Annotations

Branches:
Dungeon (10/15)            Temple (1/1) D:5            Lair (2/5) D:9
Ossuary (visited)
  Swamp: Lair:2-3    Shoals: Lair:2-3     Snake: Lair:2-3    Spider: Lair:2-3
    Orc: D:9-12

Altars:
Ashenzari
Cheibriados
Dithmenos
Elyvilon
Fedhas
Gozag
Hepliaklqana
Kikubaaqudgha
Nemelex Xobeh
Okawaru
Qazlal
Sif Muna
Trog
Uskayaw
Vehumet
Wu Jian
Xom
Yredelemnul
Zin
The Shining One

Annotations:
D:3 Grinder
D:6 exclusion: ice beast, Edmund
D:7 1 runed translucent door, exclusion: two-headed ogre, Crazy Yiuf
D:9 exclusion: 2 doors, Urug
D:10 2 transporters, SirLogeyBear's ghost, journeyman HOBe
Lair:1 1 runed translucent door, hero57213's ghost, journeyman MiFi
Lair:2 exclusion: upstairs


Innate Abilities, Weirdness & Mutations

((You are very nimble when in or above water. (Stealth+, EV+, Speed+++)))
Your lower body shifts to a powerful aquatic tail in water.
You are partially covered in large bone plates. (SH +4)
You are weak. (Str -2)


Message History

The swamp worm bites you! The swamp worm barely misses you.
Unknown command.
You puncture the swamp worm!
The swamp worm is heavily wounded.
You hit the swamp worm.
The swamp worm is heavily wounded.
Unknown command.
The swamp worm completely misses you.
The swamp worm fires a harpoon shot at you.
The harpoon shot hits you!
You are yanked forward by the harpoon shot.
The swamp worm attacks as you move away!
The swamp worm misses you. The swamp worm bites you!!
The swamp worm fires a harpoon shot at you.
The harpoon shot hits you.
You are yanked forward by the harpoon shot.
You block the swamp worm's attack.
You are too injured to fight recklessly!
Unknown command.
Blink to where?
Press: ? - help, Dir - move target A komodo dragon and 3 blink frogs come into view.
As you read the scroll of blinking, it crumbles to dust.
The komodo dragon hisses angrily.
The blink frog croaks. x2
The swamp worm fires a harpoon shot at you.
The harpoon shot hits you!
* * * LOW HITPOINT WARNING * * *
You are yanked forward by the harpoon shot.
The swamp worm misses you.
The komodo dragon moves out of view.
The blink frog moves out of view. x2
Unknown command.
As you read the scroll of teleportation, it crumbles to dust.
You feel strangely unstable.
The swamp worm fires a harpoon shot at you.
The harpoon shot hits you!
* * * LOW HITPOINT WARNING * * *
You are yanked forward by the harpoon shot.
You collide with the bush!
The bush is lightly damaged.
You die...

###.♣♣~.♣≈♣♣. P##
##P...♣~..♣♣.#
..P.#.....♣~♣.w♣.#
..........♣≈..~♣.#
..........♣~.♣≈♣.#
..........♣♣..♣♣.#
...........♣..♣.w# #.##.#
...#.......♣..♣.P###.....
######.....÷⌠⌠.w@....)..
#................PP
#P................P#
##...........#...###
#..########.##..## #..
####.F.# #.. #..## ..
#..# #F..


You could see 2 swamp worms and a blink frog.

Vanquished Creatures
  Sonja (Lair:1)
  2 bog bodies (Lair:2)
  3 elephants (Lair:1)
  2 black mambas (Lair:1)
  2 cane toads (Lair:1)
  3 komodo dragons
  A troll (D:10)
  A shadow (D:9)
  A vampire (D:10)
  2 wyverns
  2 basilisks
  10 yaks
  A steam dragon (D:7)
  5 water moccasins
  An ice beast (D:7)
  2 orc warriors
  A sky beast (D:7)
  4 black bears
  4 wolves (Lair:1)
  3 centaurs
  A phantom (D:4)
  2 elf zombies (Ossuary)
  5 bullfrogs
  2 necrophages
  2 scorpions
  10 killer bees (D:10)
  5 howler monkeys
  A lava snake (D:10)
  2 jellies
  6 hounds
  2 human zombies (Ossuary)
  8 orc priests
  2 iguanas
  12 orc wizards
  A hound zombie (Ossuary)
  3 mummies (Ossuary)
  4 gnolls (D:3)
  3 adders
  2 shadow imps
  4 white imps
  3 ufetubi
  3 adder zombies (Ossuary)
  4 worms
  4 dart slugs
  39 orcs
  9 ball pythons
  3 endoplasms
  A giant cockroach (D:2)
  A gnoll zombie (Ossuary)
  3 goblins
  4 hobgoblins
  8 jackals
  13 kobolds
  A quokka (D:3)
  3 bats (D:2)
  3 frilled lizards
  4 goblin zombies (Ossuary)
  2 hobgoblin zombies (Ossuary)
  3 jackal zombies (Ossuary)
  2 kobold zombies (Ossuary)
  4 orc zombies (Ossuary)
  A quokka zombie (Ossuary)
  4 rats
  6 rat zombies (Ossuary)
256 creatures vanquished.

Vanquished Creatures (others)
  A quokka (D:9)
  4 fungi
  12 plants
17 creatures vanquished.

Grand Total: 273 creatures vanquished

Notes
Turn   | Place    | Note
-------+----------+-------------------------------------------
     0 | D:1      | TittyCrusher the Merfolk Gladiator began the quest for the
                  | Orb.
     0 | D:1      | Reached XP level 1. HP: 16/16 MP: 1/1
    67 | D:1      | Reached XP level 2. HP: 21/22 MP: 2/2
   285 | D:1      | Reached skill level 5 in Polearms
   613 | D:1      | Found a faded altar of an unknown god.
   778 | D:2      | Identified the +7 flail of Pain and Death {vorpal, rElec
                  | rC+ SInv}
  1021 | D:2      | Reached XP level 3. HP: 27/27 MP: 3/3
  1728 | D:3      | Found a shadowy altar of Dithmenos.
  1780 | D:3      | Reached skill level 6 in Polearms
  1813 | D:3      | Reached XP level 4. HP: 29/33 MP: 4/4
  2052 | D:3      | Found an ancient bone altar of Kikubaaqudgha.
  2113 | D:3      | Found a shimmering blue altar of Sif Muna.
  2120 | D:3      | Found a radiant altar of Vehumet.
  2123 | D:3      | Got Kikubaaqudgha's Omnibus of Black Secrets
  2219 | D:3      | Noticed Grinder
  2231 | D:3      | Gained mutation: You are somewhat resistant to further
                  | mutation. [potion of mutation]
  2233 | D:3      | Paralysed by Grinder for 3 turns
  2462 | D:3      | Reached skill level 7 in Polearms
  3317 | D:3      | Reached XP level 5. HP: 38/38 MP: 5/5
  3322 | D:3      | Paralysed by Grinder for 2 turns
  3337 | D:3      | Paralysed by Grinder for 2 turns
  3354 | D:3      | Paralysed by Grinder for 5 turns
  3383 | D:4      | Reached skill level 8 in Polearms
  3451 | D:4      | Reached XP level 6. HP: 44/44 MP: 6/6
  3472 | D:4      | Reached skill level 9 in Polearms
  3630 | D:4      | Found a bloodstained altar of Trog.
  3676 | D:4      | Found a shimmering altar of Xom.
  4132 | D:4      | Found a blossoming altar of Fedhas.
  4179 | D:5      | Entered Level 5 of the Dungeon
  4268 | D:5      | Noticed a water moccasin
  4273 | D:5      | Reached skill level 10 in Polearms
  4273 | D:5      | Reached XP level 7. HP: 39/50 MP: 7/7
  4455 | D:5      | Reached skill level 11 in Polearms
  4507 | D:5      | Found a staircase to the Ecumenical Temple.
  4517 | Temple   | Entered the Ecumenical Temple
  4554 | D:5      | Found a broken altar of Ashenzari.
  4885 | D:5      | Reached skill level 12 in Polearms
  4885 | D:5      | Reached XP level 8. HP: 56/56 MP: 8/8
  6145 | D:5      | Found a sparkling altar of Nemelex Xobeh.
  6361 | D:6      | Reached skill level 13 in Polearms
  6480 | D:6      | Found a hazy altar of Hepliaklqana.
  6536 | D:6      | Noticed Edmund
  6582 | D:6      | Found an ornate altar of the Wu Jian Council.
  6817 | D:6      | Found an opulent altar of Gozag.
  7364 | D:6      | Reached skill level 14 in Polearms
  7910 | D:7      | Found a sand-covered staircase.
  7918 | Ossuary  | Entered an ossuary
  7940 | Ossuary  | Reached XP level 9. HP: 50/65 MP: 9/9
  8475 | Ossuary  | Reached skill level 5 in Fighting
  8919 | D:7      | Reached skill level 5 in Dodging
  8929 | D:7      | Identified the +1 robe of Spring Thaw {rC+ Will++ Str-5}
  9092 | D:7      | Noticed a two-headed ogre
  9302 | D:7      | Found a glowing golden altar of the Shining One.
  9368 | D:7      | Found a runed translucent door.
  9369 | D:7      | Noticed Crazy Yiuf
 10421 | D:8      | Found a basalt altar of Yredelemnul.
 10901 | D:9      | Found a staircase to the Lair.
 11229 | D:9      | Found a stormy altar of Qazlal.
 11262 | D:9      | Found a snail-covered altar of Cheibriados.
 11343 | D:9      | Reached XP level 10. HP: 72/77 MP: 10/10
 11349 | D:9      | Found a white marble altar of Elyvilon.
 11385 | D:9      | Reached skill level 10 in Dodging
 11628 | D:10     | Entered Level 10 of the Dungeon
 11686 | D:10     | Found an iron altar of Okawaru.
 11686 | D:10     | Found a glowing silver altar of Zin.
 11695 | D:10     | Became a worshipper of Warmaster Okawaru
 11987 | D:9      | Paralysed by a hornet for 3 turns
 12253 | D:10     | Noticed Urug
 12431 | D:10     | Found a transporter.
 12894 | D:10     | Noticed a toenail golem
 13266 | D:10     | Reached * piety under Okawaru
 13276 | D:10     | Reached skill level 5 in Invocations
 13353 | D:10     | Found a transporter.
 13369 | D:10     | Noticed SirLogeyBear's ghost (journeyman HOBe)
 14066 | Lair:1   | Entered Level 1 of the Lair of Beasts
 14066 | Lair:1   | Noticed hero57213's ghost (journeyman MiFi)
 14066 | Lair:1   | Noticed a +2 trident of chaos
 14066 | Lair:1   | Found a runed translucent door.
 14066 | Lair:1   | Found a shimmering altar of Xom.
 14095 | Lair:1   | Reached skill level 15 in Polearms
 14102 | Lair:1   | Reached ** piety under Okawaru
 14431 | Lair:1   | Reached XP level 11. HP: 59/83 MP: 14/14
 14536 | Lair:1   | Noticed Sonja
 14541 | Lair:1   | Killed Sonja
 14825 | Lair:1   | Lost mutation: You are somewhat resistant to further
                  | mutation. [potion of mutation]
 14825 | Lair:1   | Gained mutation: You are weak. (Str -2) [potion of
                  | mutation]
 14825 | Lair:1   | Gained mutation: You are partially covered in large bone
                  | plates. (SH +4) [potion of mutation]
 15236 | Lair:1   | Reached *** piety under Okawaru
 15904 | Lair:1   | Noticed a five-headed hydra
 16101 | Lair:2   | Reached **** piety under Okawaru
 16319 | Lair:2   | Noticed a bog body
 16329 | Lair:2   | Killed a bog body
 16482 | Lair:2   | Noticed a bog body
 16502 | Lair:2   | Killed a bog body
 16694 | Lair:2   | Collided with a bush

Illustrated notes

Levels and vault maps discovered:
D:1:      heliophobic_arrival_ceremonial_halls, layout_basic,
          ebering_ecumenical_altar_mist
D:2:      layout_loops_corners, minmay_misc_feat_plants
D:3:      minmay_recursive_quarters, layout_basic,
          grunt_temple_overflow_magic_moments, amcnicky_altar_gilded,
          gammafunk_temple_overflow_elements, minmay_goblin_kobold_house,
          uniq_grinder
D:4:      layout_cave_pools, fedhas_altar_fruit_tree, lemuel_crystal_altar,
          bloody_trog, corner_web_ring
D:5:      layout_basic, nicolae_ashenzari_skybound, lemuel_doored_altar,
          temple_hall
D:6:      layout_loops_ring, grunt_gozag_breadcrumbs,
          mainiacjoe_overflow_six_doors_small, nicolae_hepliaklqana_hazy_memory,
          hangedman_decor_opposing, uniq_edmund
D:7:      layout_basic, mainiacjoe_overflow_surrounded_room,
          chequers_ossuary_entry_cave, kennysheep_nondescript, st_stairs_5,
          uniq_crazy_yiuf_cottage
D:8:      layout_loops_ring, general_overflow_altar
D:9:      layout_roguey, elyvilon_altar_4, slow_altar_1,
          mainiacjoe_overflow_cross_hatched, david_lair_generic
D:10:     layout_loops_cross, nicolae_overflow_two_pavilions,
          gammafunk_ghost_abyssal_escape, uniq_urug
Temple:   ebering_the_one_and_only
Lair:1:   layout_long_grid, ebering_ghost_xom, uniq_sonja
Lair:2:   layout_layer_cave, nicolae_swamp_entry_splash_gauntlet,
          minmay_snake_entry_six_corridors, fungi_pond_lemuel

Skill      XL: |  1  2  3  4  5  6  7  8  9 10 11 |
---------------+----------------------------------+-----
Polearms       | 5 6 7 8 10 12 14 15 | 15.7
Fighting       | 3 6 8 |  8.2
Dodging        | 9 11 14 | 14.6
Invocations    | 5 |  5.2
Throwing       | |  2.0

Action                   |  1- 3 |  4- 6 |  7- 9 | 10-12 || total
-------------------------+-------+-------+-------+-------++-------
Melee: Trident           |    96 |   188 |   489 |   365 ||  1138
       Punch             |       |     2 |     9 |     7 ||    18
       Flail             |       |       |    49 |    22 ||    71
Throw: Throwing net      |       |     1 |     2 |       ||     3
       Dart              |       |       |     6 |     6 ||    12
       Javelin           |       |       |     1 |       ||     1
Invok: Heroism           |       |       |       |     9 ||     9
Evoke: Wand              |       |       |     8 |    14 ||    22
  Use: Potion            |     1 |     6 |     6 |    11 ||    24
       Scroll            |       |     5 |     9 |    14 ||    28
 Stab: Sleeping          |     1 |     2 |       |       ||     3
       Held in net/web   |       |       |     2 |       ||     2
Armor: Leather armour    |    28 |    27 |    58 |       ||   113
       Skin              |       |       |     3 |       ||     3
       Ring mail         |       |       |     2 |    58 ||    60
Dodge: Dodged            |    49 |    91 |   191 |   274 ||   605
Block: Other             |       |       |       |    11 ||    11
